Map: Abyssal Reef LE

Players

Ziggy

  • Race: Terran Terran
  • Spawn Location: 11:00

Elazer - Winner!

  • Race: Zerg Zerg
  • Spawn Location: 5:00

Event: IEM XI Katowice - World Championship 2017

VOD

Have the link to the VOD?

Description

Time

  • Played on: Feb. 27, 2017, 9:13 a.m.
  • Length: 12:55

All games in this series

Show
View Real Time Build Order
Export as new Build Order

Ziggy Terran 

Build Orders: Reaper Expand 

Get SALT Encoding   

  12  0:00  SCV  
  13  0:12  SCV  
  14  0:17  Supply Depot  
  14  0:25  SCV  
  15  0:38  SCV  
  15  0:41  Barracks  
  16  0:44  Refinery  
  16  0:50  SCV  
  17  1:03  SCV  
  18  1:15  SCV  
  19  1:26  Supply Depot  
  19  1:29  Reaper  
  19  1:30  Orbital Command  
  20  1:46  Command Center  
  19  1:55  SCV  
  19  1:58  Supply Depot  
  20  2:02  Barracks Reactor  
  20  2:08  Refinery  
  20  2:11  SCV  
  21  2:22  Factory  
  21  2:23  SCV  
  22  2:35  SCV  
  23  2:37  Marine x2  
  25  2:47  SCV  
  26  2:54  Bunker  
  26  2:56  Marine x2  
  30  3:05  Cyclone  
  30  3:13  Marine  
  30  3:14  Marine  
  32  3:21  Orbital Command  
  32  3:23  SCV  
  33  3:31  Marine x2  
  35  3:35  SCV  
  36  3:41  Cyclone  
  36  3:47  SCV x2  
  41  3:52  Supply Depot  
  41  3:59  SCV  
  42  4:17  Starport  
  42  4:20  SCV x2  
  42  4:23  Starport  
  44  4:32  SCV x2, Cyclone x2  
  44  4:36  Supply Depot  
  44  4:38  Supply Depot  
  52  4:44  SCV  
  53  4:51  Refinery, SCV  
  53  4:52  Refinery  
  54  4:56  Starport Tech Lab  
  54  4:57  SCV  
  54  4:58  Starport Tech Lab  
  55  5:03  SCV  
  55  5:04  Supply Depot  
  56  5:08  Hellion  
  56  5:09  Hellion, SCV  
  61  5:16  Cloaking Field  
  61  5:18  SCV  
  61  5:20  Banshee  
  65  5:28  SCV  
  66  5:29  Banshee  
  66  5:30  SCV  
  70  5:40  Supply Depot, SCV  
  70  5:42  SCV  
  72  5:43  Supply Depot  
  72  5:50  Hyperflight Rotors  
  72  5:52  SCV  
  72  5:55  SCV  
  74  6:04  SCV  
  74  6:07  SCV  
  74  6:09  Banshee  
  79  6:12  Banshee  
  79  6:16  SCV  
  83  6:19  SCV  
  84  6:30  SCV, Command Center  
  84  6:31  SCV  
  86  6:33  Factory Tech Lab  
  86  6:38  Armory  
  86  6:46  Factory, SCV x2  
  88  6:52  Banshee  
  88  6:53  Siege Tank  
  94  7:00  Supply Depot  
  94  7:01  Supply Depot, Banshee  
  94  7:05  Supply Depot  
  94  7:07  SCV x2  
  99  7:22  SCV x2  
  101  7:25  Siege Tank  
  104  7:31  Engineering Bay  
  104  7:33  Cyclone x2  
  104  7:34  Terran Vehicle Weapons Level 1  
  104  7:35  SCV  
  104  7:36  SCV  
  112  7:43  Orbital Command  
  103  7:58  Raven  
  102  8:01  SCV x2  
  101  8:14  Command Center  
  101  8:15  Siege Tank, Refinery  
  101  8:16  Cyclone  
  101  8:18  Refinery, Orbital Command  
  107  8:22  Cyclone  
  107  8:29  SCV x2  
  109  8:47  Siege Tank  
  106  8:59  Banshee x2  
  112  9:12  Missile Turret, SCV x2  
  112  9:13  SCV  
  112  9:14  Missile Turret  
  112  9:16  Missile Turret  
  115  9:19  Siege Tank  
  118  9:24  SCV  
  118  9:25  SCV x2  
  118  9:27  Factory x3  
  118  9:29  Factory  
  121  9:33  Cyclone  
  121  9:38  SCV x3  
  127  9:45  Missile Turret  
  127  9:47  Planetary Fortress  
  127  9:48  Missile Turret  
  127  9:49  Missile Turret  
  127  9:50  Missile Turret  
  127  9:51  Cyclone  
  127  9:52  SCV x2  
  132  9:54  Refinery x2  
  132  9:55  Siege Tank  
  129  10:01  Missile Turret  
  129  10:02  SCV  
  129  10:04  Missile Turret, SCV  
  131  10:10  Missile Turret  
  131  10:11  Missile Turret  
  131  10:12  Factory Tech Lab x2  
  131  10:13  Factory Reactor  
  125  10:22  Cyclone x2  
  125  10:24  SCV x2  
  122  10:29  SCV  
  122  10:30  SCV  
  122  10:35  Siege Tank x2  
  130  10:38  SCV x2  
  125  10:46  Cyclone  
  115  10:50  SCV x2  
  115  10:56  SCV  
  108  10:59  Command Center  
  108  11:02  SCV x2  
  109  11:05  Cyclone x2  
  109  11:08  SCV  
  113  11:14  SCV x2  
  115  11:19  Siege Tank  
  115  11:20  SCV  
  115  11:21  Hellion x4  
  115  11:25  Missile Turret, Refinery  
  126  11:26  SCV  
  126  11:28  Missile Turret  
  127  11:37  SCV x2  
  127  11:38  SCV, Banshee  
  133  11:45  Refinery  
  132  11:54  Supply Depot x2  
  132  11:55  Supply Depot x3  
  132  11:57  Supply Depot  
  132  12:05  SCV  
  133  12:10  Siege Tank, Banshee, SCV  
  133  12:11  Hellion  
  133  12:14  Planetary Fortress  
  142  12:17  SCV x2  
  142  12:19  Hellion x4  
  142  12:20  Hellion  
  154  12:23  SCV  
  147  12:46  Supply Depot x2  
  147  12:47  Supply Depot  
Show
View Real Time Build Order
Export as new Build Order

Elazer Zerg - Winner!

Build Orders: Pool First, Swarm Host 

Get SALT Encoding   

  12  0:00  Drone  
  13  0:12  Overlord  
  13  0:16  Drone  
  14  0:31  Drone x2  
  14  0:34  Drone  
  17  0:44  Extractor  
  17  0:45  Drone  
  17  0:49  Spawning Pool  
  16  0:56  Drone  
  17  1:07  Drone  
  18  1:17  Drone  
  19  1:29  Drone  
  20  1:36  Queen  
  20  1:39  Roach Warren  
  21  1:50  Hatchery  
  20  2:01  Overlord, Drone  
  21  2:20  Roach x2  
  25  2:23  Roach  
  27  2:34  Roach  
  29  2:43  Overlord  
  29  2:45  Ravager  
  30  3:01  Queen, Drone x3  
  30  3:02  Drone  
  30  3:05  Ravager  
  37  3:11  Ravager  
  39  3:12  Drone  
  39  3:13  Drone  
  40  3:23  Drone  
  40  3:24  Drone  
  40  3:26  Drone  
  43  3:37  Overlord  
  43  3:38  Drone  
  43  3:39  Hatchery  
  43  3:41  Drone  
  44  3:53  Overlord  
  44  3:56  Queen  
  44  3:58  Ravager  
  47  4:03  Drone x2  
  47  4:08  Drone x2  
  47  4:09  Drone  
  52  4:11  Drone x2  
  52  4:12  Drone  
  55  4:21  Overlord, Drone x2  
  55  4:24  Drone x2  
  59  4:26  Drone  
  59  4:27  Extractor  
  59  4:28  Extractor  
  58  4:32  Lair  
  58  4:37  Queen  
  60  4:40  Overlord  
  60  4:42  Drone  
  60  4:45  Drone  
  62  4:47  Drone  
  62  4:49  Drone x2  
  62  4:52  Spore Crawler  
  64  4:53  Drone  
  64  4:55  Drone  
  64  4:56  Drone  
  67  5:03  Drone x2  
  69  5:08  Spore Crawler  
  69  5:12  Queen, Drone x2  
  72  5:16  Overlord  
  72  5:22  Roach  
  72  5:25  Overlord  
  72  5:27  Evolution Chamber  
  73  5:30  Roach, Evolution Chamber  
  73  5:35  Glial Reconstitution, Overlord  
  74  5:38  Roach x3  
  74  5:40  Overseer  
  80  5:44  Roach  
  80  5:45  Roach  
  80  5:47  Roach  
  80  5:48  Roach  
  88  5:53  Drone x2  
  88  5:54  Drone x2  
  92  6:01  Overlord  
  92  6:03  Drone x2  
  94  6:07  Spore Crawler  
  94  6:08  Overlord  
  94  6:10  Zerg Missile Weapons Level 1, Zerg Ground Armor Level 1  
  93  6:13  Overseer  
  93  6:25  Drone x3  
  93  6:26  Drone x2  
  93  6:27  Overlord  
  93  6:29  Drone x3  
  93  6:32  Drone x5  
  106  6:36  Overseer  
  106  6:41  Overlord, Extractor  
  106  6:45  Overlord  
  105  6:47  Extractor  
  105  6:52  Roach x4  
  112  7:00  Hatchery  
  111  7:02  Overlord  
  111  7:03  Roach  
  111  7:04  Roach x4  
  121  7:12  Roach  
  121  7:13  Roach x3  
  129  7:22  Overlord  
  129  7:27  Extractor, Hydralisk Den  
  129  7:28  Drone x3  
  130  7:31  Infestation Pit  
  130  7:32  Overlord  
  130  7:34  Overlord x2  
  126  7:49  Queen x3, Hydralisk Den  
  120  7:58  Spore Crawler  
  108  8:00  Spore Crawler  
  108  8:02  Tunneling Claws  
  100  8:06  Spore Crawler, Roach x6  
  100  8:10  Drone x2  
  100  8:11  Drone  
  100  8:12  Spore Crawler  
  105  8:14  Queen  
  105  8:15  Overlord  
  107  8:23  Hydralisk, Muscular Augments  
  107  8:24  Hydralisk x3  
  107  8:25  Burrow  
  115  8:33  Zerg Missile Weapons Level 2, Zerg Ground Armor Level 2  
  115  8:40  Hydralisk x3  
  119  8:47  Hydralisk x2  
  123  8:53  Overlord  
  119  9:04  Hydralisk x4  
  127  9:13  Roach x4  
  127  9:15  Hydralisk, Hatchery  
  127  9:16  Hydralisk  
  138  9:19  Overseer  
  138  9:26  Hydralisk x3  
  138  9:31  Hydralisk x2  
  148  9:42  Hydralisk  
  148  9:43  Hydralisk x3, Roach  
  148  9:44  Roach  
  160  9:48  Roach x2  
  164  9:54  Roach x3  
  164  9:56  Roach x7  
  164  9:59  Roach x7  
  176  10:00  Roach x2  
  176  10:04  Drone  
  177  10:07  Infestation Pit  
  177  10:13  Drone x2  
  178  10:16  Roach x7  
  174  10:32  Drone x5  
  174  10:33  Drone x4  
  163  10:43  Overlord  
  141  10:50  Roach x3  
  141  10:51  Roach x6  
  141  10:56  Hydralisk  
  143  11:01  Hydralisk x4  
  145  11:04  Roach x3  
  145  11:06  Overlord  
  143  11:15  Swarm Host x7  
  143  11:16  Swarm Host x4  
  176  11:25  Roach x3  
  182  11:29  Hydralisk  
  182  11:30  Hydralisk x2, Roach x14  
  188  11:33  Hydralisk  
  188  11:40  Roach  
  188  11:41  Roach x2  
  190  11:48  Roach  
  190  11:49  Overlord  
  192  11:59  Hatchery  
  192  12:01  Roach x13  
  189  12:04  Extractor x2  
  189  12:05  Drone x2  
  189  12:08  Drone x3  
  191  12:09  Spine Crawler x2, Overlord  
  191  12:11  Spine Crawler  
  191  12:13  Hydralisk  
  191  12:14  Roach x4  
  199  12:24  Overlord  
  199  12:28  Roach  
  199  12:29  Roach x4  
  199  12:30  Roach x2  
  197  12:37  Drone  
  197  12:38  Spine Crawler  

Tags
 
Add a new tag
Caveats
  • Supply blocks, unpowered buildings, or Contaminate may cause inaccurate times.
  • Supply counts are checked every 10 seconds.